 Dungeon Crawl Stone Soup version 0.29-a0-483-g69413ace17 (webtiles) character file.

Game seed: 9407750390011112662

4 happo123 the Sneak (level 1, 0/10 HPs)
             Began as a Kobold Enchanter on May 26, 2022.
             Slain by a ball python (2 damage)
             ... on level 1 of the Dungeon.
             The game lasted 00:01:09 (272 turns).

happo123 the Sneak (Kobold Enchanter)                Turns: 272, Time: 00:01:10

Health: 0/10       AC:  2    Str:  5    XL:     1   Next: 77%
Magic:  3/3        EV: 15    Int: 16    God:
Gold:   0          SH:  0    Dex: 15    Spells: 4/4 levels left

rFire   . . .      SeeInvis .   a - +1 dagger
rCold   . . .      Faith    .   (no shield)
rNeg    . . .      Spirit   .   b - +0 robe
rPois   .          Reflect  .   (no helmet)
rElec   .          Harm     .   (no cloak)
rCorr   .          Rampage  .   (no gloves)
Will    .....                   (no boots)
Stlth   ++++......              (no amulet)
HPRegen 0.03/turn               (no ring)
MPRegen 0.08/turn               (no ring)

@: no status effects
A: small, no large weapons, nightstalker 3
a: no special abilities


You were on level 1 of the Dungeon.
You visited 1 branch of the dungeon, and saw 1 of its levels.

Inventory:

Hand Weapons
 a - a +1 dagger (weapon)
Armour
 b - a +0 robe (worn)
Potions
 c - 2 potions of invisibility


   Skills:
 + Level 1.6 Short Blades
 + Level 2.5 Dodging
 + Level 4.1 Stealth
 + Level 2.2 Spellcasting
 + Level 3.0 Hexes


You had 4 spell levels left.
You didn't know any spells.
Your spell library contained the following spells:

 Spells                   Type           Power      Damage    Failure   Level
 Ensorcelled Hibernation  Hex/Ice        12%        N/A       16%         2
 Confusing Touch          Hex            11%        N/A       17%         3
 Tukima's Dance           Hex            11%        N/A       17%         3
 Foxfire                  Conj/Fire      4%         2x1d4     21%         1
 Dazzling Flash           Conj/Hex       12%        N/A       32%         3
 Inner Flame              Hex/Fire       6%         N/A       32%         3
 Conjure Flame            Conj/Fire      1%         6-21      52%         3
 Flame Wave               Conj/Fire      1%         2d4       90%         4


Dungeon Overview and Level Annotations

Branches:
Dungeon (1/15)

Altars:


Innate Abilities, Weirdness & Mutations

You are small and have problems with some larger weapons.
You are completely attuned to the shadows.


Message History

The goblin is wielding a +2 dagger of electrocution.
The goblin shouts!
The goblin misses you.
The ball python hisses angrily.
You hit the goblin.
The goblin is severely wounded.
The goblin barely misses you. The goblin hits you but does no damage.
You hit the goblin.
You kill the goblin!
The goblin closely misses you. The ball python bites you.
The ball python grabs you. The ball python constricts you.
You barely miss the goblin.
The ball python bites you but does no damage.
The ball python constricts you. The goblin hits you with a +0 club.
* * * LOW HITPOINT WARNING * * *
You hit the goblin.
The goblin is severely wounded.
The ball python bites you but does no damage.
The ball python constricts you.
* * * LOW HITPOINT WARNING * * *
The goblin closely misses you.
You escape the ball python's grasp.
The goblin attacks as you move away! The goblin misses you.
The ball python attacks as you move away!
The ball python misses you. The goblin attacks as you move away!
The goblin misses you.
There is an open door here.
The ball python misses you. The ball python grabs you.
The ball python constricts you.
You escape the ball python's grasp.
Things that are here:
a +0 dagger of holy wrath; a goblin corpse The ball python misses you.
The ball python closely misses you.
The ball python attacks as you move away!
The ball python closely misses you. x2
The ball python attacks as you move away!
The ball python barely misses you. The ball python closely misses you. x3
The ball python attacks as you move away!
The ball python bites you.
You die...

#.....#
#.............#
#######
#.#############
#.# #.# #.# ###
#.###g## #..
#.##.#.###.#
#.#.###S##.#
#.g#####@#.##
##.###.......#
##...##.##.#..#
#.....#.#.##..#
##...#...###..#
##.###.## #...
####)###.#
.........#
####'#####


You could see a goblin and a ball python.

Vanquished Creatures
  A giant cockroach (D:1)
  2 goblins (D:1)
  A bat (D:1)
  A kobold (D:1)
5 creatures vanquished.

Notes
Turn   | Place    | Note
-------+----------+-------------------------------------------
     0 | D:1      | happo123 the Kobold Enchanter began the quest for the Orb.
     0 | D:1      | Reached XP level 1. HP: 10/10 MP: 3/3
   272 | D:1      | Slain by a ball python

Illustrated notes

Levels and vault maps discovered:
D:1:      dpeg_arrival_lava_altar, layout_loops_corners, basic_ecumenical_altar

Action                   || total
-------------------------++-------
Melee: Dagger            ||    15
 Stab: Sleeping          ||     3
Armor: Robe              ||     4
Dodge: Dodged            ||    24

Table legend: (Time is in decaauts)
 A = Elapsed time spent in this place.
 B = Non-inter-level travel time spent in this place.
 C = Inter-level travel time spent in this place.
 D = Time resting spent in this place.
 E = Time spent auto-exploring this place.
 F = Levels seen in this place.
 G = Mean time per level.
                   A        B        C        D        E       F      G
               +--------+--------+--------+--------+--------+-----+--------+
         Total |    271 |    268 |      3 |      0 |    211 |   1 |  271.0 |
       Dungeon |    271 |    268 |      3 |      0 |    211 |   1 |  271.0 |
               +--------+--------+--------+--------+--------+-----+--------+

Top non-repeatable levels by time:
     D:1: 271 daAuts
